 Dungeon Crawl Stone Soup version 0.22-a0-480-g991dd4b (webtiles) character file.

16 epen the Insei (level 2, -3/18 HPs)
             Began as an Octopode Transmuter on June 17, 2018.
             Slain by an adder (4 damage)
             ... on level 1 of the Dungeon.
             The game lasted 00:00:45 (782 turns).

epen the Insei (Octopode Transmuter)                 Turns: 782, Time: 00:00:46

Health: -3/18      AC:  1    Str:  9    XL:     2   Next: 58%
Magic:  4/5        EV: 13    Int: 15    God:
Gold:   6          SH:  0    Dex: 12    Spells: 2/5 levels left

rFire    . . .     SeeInvis .     - Unarmed
rCold    . . .     Gourm    .   (no shield)
rNeg     . . .     Faith    .   (helmet restricted)
rPois    .         Spirit   .   (no amulet)
rElec    .         Reflect  .   (no ring)
rCorr    .         Harm     .   (no ring)
MR       .....                  (no ring)
Stlth    ++........             (no ring)
HPRegen  0.06/turn              (no ring)
MPRegen  0.09/turn              (no ring)
                                (no ring)
                                (no ring)

@: lethally poisoned (-3 -> -11), appendage
A: almost no armour, stealthy swim, amphibious, 8 rings, constrict 8, tentacle
spike 3, camouflage 1, gelatinous body 1
a: End Transformation


You were on level 1 of the Dungeon.
You were not hungry.
One of your tentacles had a temporary spike.
You visited 1 branch of the dungeon, and saw 2 of its levels.

You collected 6 gold pieces.

Inventory:

Missiles
 a - 52 arrows
Scrolls
 b - 3 scrolls of identify {unknown}
 e - 2 scrolls of remove curse {unknown}
 f - a scroll of immolation {unknown}
 g - a scroll of blinking {unknown}
Potions
 d - a potion of agility {unknown}
Comestibles
 c - 3 rations


   Skills:
 + Level 1.3 Fighting
 + Level 2.2 Dodging
 * Level 3.2 Unarmed Combat
 + Level 2.1 Spellcasting
 + Level 2.1 Transmutations


You had 2 spell levels left.
You knew the following spells:

 Your Spells              Type           Power        Failure   Level  Hunger
a - Beastly Appendage     Tmut           #.....       9%          1    #......
b - Sticks to Snakes      Tmut           #.......     14%         2    ###....

Your spell library contained the following spells:

 Spells                   Type           Power        Failure   Level  Hunger
 Spider Form              Tmut/Pois      #.........   38%         3    ###....
 Blade Hands              Tmut           #.........   94%         5    ######.
 Ice Form                 Ice/Tmut       #.......     80%         4    #####..


Dungeon Overview and Level Annotations

Branches:
Dungeon (2/15)

Altars:

Annotations:
D:2 Robin


Innate Abilities, Weirdness & Mutations

You cannot wear most types of armour.
You are very stealthy in the water. (Stealth+)
You are amphibious.
You can wear up to eight rings at the same time.
You can use your tentacles to constrict eight enemies at once.
Your skin changes colour to match your surroundings (Stealth+).
Your rubbery body absorbs attacks. (AC +1, EV +1)
One of your tentacles bears a large vicious spike.


Message History

The adder closely misses you.
The goblin shoots a stone.
The stone completely misses you.
You climb upwards.
There is a stone staircase leading down here.
Cast which spell? (? or * to list) One of your tentacles grows a vicious spike.
The adder bites you.
You closely miss the adder. Your grab misses the adder.
You pierce the adder.
Your squeeze misses the adder.
The adder is lightly wounded.
The adder bites you.
* * * LOW HITPOINT WARNING * * *
You are lethally poisoned!
The adder poisons you! The adder closely misses you.
You barely miss the adder. Your grab misses the adder.
Your tentacle spike misses the adder.
You squeeze the adder.
The adder is heavily wounded.
* * * LOW HITPOINT WARNING * * *
You feel sick. The adder bites you.
You die...

#...# #.#######..######.
#...#########....####..###....
#..........##..............###
##.........##.....≈≈##.....# #
#.........##.(.≈##≈≈###...# #
#.........##...#≈≈#≈≈≈≈..)# #
#.........##..##≈≈≈≈≈≈##.## #
#.........##..≈≈#≈≈≈#≈≈#.# #
#####.........##@.#≈≈≈≈≈≈≈≈#.##
#
..†.'..†..)...##S.##≈#≈≈#≈≈#..#
#
#####.........##...#≈≈≈≈≈≈#...#
# #.........##...#≈#≈≈###...###
#.........##.....##≈#......##
#.........##..)..........#.##
###.########.###.....#.###...
#######.# #.# #####.#.# ####
(.....#.# #.# #.#.#####.


You could see an adder.

Vanquished Creatures
  A dart slug (D:1)
  A giant cockroach (D:1)
  2 goblins (D:1)
  A hobgoblin (D:1)
  3 jackals (D:1)
  A kobold (D:1)
  A frilled lizard (D:1)
  4 rats (D:1)
14 creatures vanquished.

Notes
Turn   | Place    | Note
-------+----------+-------------------------------------------
     0 | D:1      | epen the Octopode Transmuter began the quest for the Orb.
     0 | D:1      | Reached XP level 1. HP: 13/13 MP: 3/3
    83 | D:1      | Reached XP level 2. HP: 8/18 MP: 5/5
   230 | D:1      | Learned a level 2 spell: Sticks to Snakes
   775 | D:2      | Noticed Robin
   782 | D:1      | Slain by an adder

Vault maps used:
D:1:      dpeg_arrival_renting, minivault_4
D:2:      first_ration, nemelex_xobeh_ov_fountains_minmay, uniq_robin

Action                   || total
-------------------------++-------
Melee: Unarmed           ||    26
       Constrict         ||    11
       Tentacles         ||     5
       Punch             ||     1
       Kick              ||     1
 Cast: Beastly Appendage ||     1
 Stab: Sleeping          ||     4
Armor: Skin              ||     1
Dodge: Dodged            ||    16

Table legend:
 A = Spawn XP
 B = Non-spawn XP
 C = Spawn XP percentage of total XP
 D = Spawn monster count
 E = Non-spawn monster count
 F = Spawn count percentage of total count
 G = Total turns spent on level
                    A         B        C        D         E        F      G
               +---------+---------+-------+---------+---------+-------+---------
         Total |       0 |      24 |   0.0 |       0 |      14 |   0.0 |   782
               +---------+---------+-------+---------+---------+-------+---------
           D:1 |       0 |      24 |   0.0 |       0 |      14 |   0.0 |   776
               +---------+---------+-------+---------+---------+-------+---------
